 Dungeon Crawl Stone Soup version 0.27.0-1-g7a089689b8 (webtiles) character file.

Game seed: 7770878966485822253

212 Spaninq the Shooter (level 5, -2/31 HPs)
             Began as a Deep Elf Arcane Marksman on Aug 4, 2021.
             Killed from afar by Natasha (3 damage)
             ... with a magic dart
             ... on level 3 of the Dungeon.
             The game lasted 00:08:27 (3479 turns).

Spaninq the Shooter (Deep Elf Arcane Marksman)      Turns: 3479, Time: 00:08:27

Health: -2/31      AC:  2    Str:  8    XL:     5   Next: 58%
Magic:  9/9        EV: 12    Int: 18    God:
Gold:   122        SH:  0    Dex: 15    Spells: 4/7 levels left

rFire    . . .     SeeInvis .   h - +2 dagger (venom)
rCold    . . .     Faith    .   (no shield)
rNeg     . . .     Spirit   .   d - +0 robe
rPois    +         Reflect  .   (no helmet)
rElec    .         Harm     .   (no cloak)
rCorr    .         Rampage  .   (no gloves)
Will     .....                  (no boots)
Stlth    +.........             (no amulet)
HPRegen  0.10/turn              o - ring of poison resistance
MPRegen  0.11/turn              (no ring)

@: no status effects
A: no striking features
a: no special abilities


You were on level 3 of the Dungeon.
You visited 1 branch of the dungeon, and saw 3 of its levels.

You collected 122 gold pieces.

Inventory:

Hand Weapons
 a - a +0 shortbow
 h - a +2 dagger of venom (weapon)
Missiles
 c - 20 arrows
Armour
 d - a +0 robe (worn)
 j - a +0 scale mail
Jewellery
 o - a ring of poison resistance (left hand)
Wands
 l - a wand of iceblast (7)
Scrolls
 e - a scroll of immolation {unknown}
 f - 2 scrolls of identify {unknown}
 g - 2 scrolls of teleportation {unknown}
 m - a scroll of silence {unknown}
 p - a scroll of torment {unknown}
 q - a scroll of noise {unknown}
Potions
 b - a potion of heal wounds {unknown}
 i - a potion of curing {unknown}
 k - a potion of flight
 n - a potion of degeneration {unknown}


   Skills:
 + Level 2.5 Fighting
 * Level 6.4 Bows
 - Level 0.3 Armour
 - Level 2.6 Dodging
 - Level 1.5 Spellcasting
 - Level 4.0 Hexes


You had 4 spell levels left.
You knew the following spells:

 Your Spells              Type           Power      Damage    Failure   Level
a - Corona                Hex            16%        N/A       3%          1
b - Slow                  Hex            15%        N/A       5%          2

Your spell library contained the following spells:

 Spells                   Type           Power      Damage    Failure   Level
 Inner Flame              Hex/Fire       8%         N/A       26%         3
 Portal Projectile        Hex/Tloc       16%        N/A       26%         3
 Cause Fear               Hex            7%         N/A       36%         4


Dungeon Overview and Level Annotations

Branches:
Dungeon (3/15)

Altars:
Vehumet
The Shining One

Shops:
D:1 (

Annotations:
D:2 Sigmund
D:3 Natasha


Message History

You shoot an arrow. The arrow barely misses Natasha.
The arrow barely misses the goblin zombie.
Natasha mumbles some strange words.
Fire: 24 arrows
Press: ? - help, Q - select action, (/) - cycle Shift-Dir - straight line, f/p - Natasha
Aim: Natasha (56% to hit)
You shoot an arrow. The arrow hits Natasha!
Natasha is heavily wounded.
Fire: 23 arrows
Press: ? - help, Q - select action, (/) - cycle Shift-Dir - straight line, f/p - Natasha
Aim: Natasha (heavily wounded, 56% to hit)
You shoot an arrow. The arrow closely misses Natasha.
The arrow hits the crimson imp but does no damage.
Fire: 22 arrows
Press: ? - help, Q - select action, (/) - cycle Shift-Dir - straight line, f/p - Natasha
Aim: Natasha (heavily wounded, 56% to hit)
You shoot an arrow. The arrow closely misses Natasha.
The arrow hits the goblin zombie but does no damage.
Natasha wildly gestures.
Natasha glows brightly for a moment.
Natasha casts a spell at you. The magic dart hits you.
The white imp gestures at you. The puff of frost hits you!
* * * LOW HITPOINT WARNING * * *
Fire: 21 arrows
Press: ? - help, Q - select action, (/) - cycle Shift-Dir - straight line, f/p - Natasha
Aim: Natasha (heavily wounded, 56% to hit)
You shoot an arrow.
The arrow hits Natasha but does no damage.
Natasha is heavily wounded.
The white imp gestures at you. The puff of frost hits you!
* * * LOW HITPOINT WARNING * * *
The crimson imp blinks!
Your +2 dagger of venom begins to drip with poison!
h - a +2 dagger of venom (weapon)
Natasha casts a spell at you. The magic dart hits you.
You die...

♣♣♣ #♣♣.♣♣♣# ♣.♣P.P.♣ ♣♣P...P♣###
♣PP...♣♣..# ##########
♣♣♣♣.♣♣♣..# .........#
♣...♣♣...##
.........##########♣.♣♣.....####
.........#....h@.......#....##.#
..............###.#..♣.♣........
.........##...##....>...........
.........##...#...##.♣.♣....)#..
..........##..5#..##..#.......#.#
#.........##..........♣.♣.......#
#.........##.ZZ#....#...#|#......
#.......<.##...##.....♣.♣.....#.#
#.................#.......)......


You could see Natasha.

Vanquished Creatures
  A water moccasin (D:3)
  A gnoll (D:1)
  4 adders (D:2)
  A worm (D:3)
  A dart slug (D:3)
  An orc (D:3)
  3 ball pythons
  8 bats
  5 endoplasms
  2 giant cockroaches
  5 goblins
  6 hobgoblins
  2 jackals (D:1)
  3 kobolds
  3 quokkas (D:3)
  3 frilled lizards
  2 hobgoblin zombies (D:3)
  A kobold zombie (D:3)
  2 orc skeletons (D:3)
  2 rats
56 creatures vanquished.

Notes
Turn   | Place    | Note
-------+----------+-------------------------------------------
     0 | D:1      | Spaninq the Deep Elf Arcane Marksman began the quest for
                  | the Orb.
     0 | D:1      | Reached XP level 1. HP: 11/11 MP: 5/5
    62 | D:1      | Reached skill level 1 in Fighting
    62 | D:1      | Reached skill level 3 in Bows
    62 | D:1      | Reached XP level 2. HP: 16/16 MP: 6/6
   471 | D:1      | Reached XP level 3. HP: 19/20 MP: 7/7
   481 | D:1      | Found Watuent's Antique Weapon Shop.
   743 | D:1      | Learned a level 2 spell: Slow
   753 | D:1      | Reached skill level 4 in Bows
  1348 | D:2      | Noticed Sigmund
  1738 | D:2      | Reached XP level 4. HP: 26/26 MP: 8/8
  2324 | D:3      | Reached skill level 5 in Bows
  2410 | D:3      | Found a radiant altar of Vehumet.
  2733 | D:3      | Noticed Natasha
  2747 | D:3      | Found a faded altar of an unknown god.
  2764 | D:3      | Noticed a water moccasin
  2920 | D:3      | Killed a water moccasin
  2921 | D:3      | Reached skill level 6 in Bows
  2921 | D:3      | Reached XP level 5. HP: 8/31 MP: 9/9
  3365 | D:3      | Found a glowing golden altar of the Shining One.
  3472 | D:3      | HP: 1/31 [white imp/puff of frost[Natasha] (8)]
  3479 | D:3      | Killed from afar by Natasha

Illustrated notes

Levels and vault maps discovered:
D:1:      minmay_arrival_doors, layout_loops_cross, serial_shops, shop
D:2:      layout_basic, uniq_sigmund
D:3:      layout_rooms, nicolae_vehumet_radiance, nicolae_tso_besieged_by_evil,
          serial_forest, infiniplex_forest_lined_3, infiniplex_forest_lined_2,
          infiniplex_forest_lined_corner, infiniplex_forest_lined_2,
          infiniplex_forest_pool, infiniplex_forest_end_1,
          infiniplex_forest_end_2, basic_ecumenical_altar, solitary_fountain,
          uniq_natasha

Skill      XL: |  1  2  3  4 |
---------------+-------------+-----
Fighting       | 1 2 |  2.5
Bows           | 3 4 6 |  6.4
Armour         | |  0.3
Dodging        | |  2.6
Spellcasting   | |  1.5
Hexes          | |  4.0

Action                   |  1- 3 |  4- 6 || total
-------------------------+-------+-------++-------
Melee: Dagger            |    60 |    61 ||   121
 Fire: Shortbow          |    33 |    24 ||    57
 Cast: Slow              |     2 |     1 ||     3
  Use: Potion            |       |     1 ||     1
 Stab: Sleeping          |     1 |       ||     1
       Distracted        |       |     1 ||     1
Armor: Robe              |    13 |     6 ||    19
Dodge: Dodged            |    52 |    37 ||    89
